General information
- name: BNet
- type: Ladder team game (AT/RT)
- host: Battle.net
- saver: coolstorybro
map: MarketSquare
- players: 8
- length: 45:39
- speed: Fast
- version: 1.27 W3XP
- replay type: Public
» download(313 KB)
Players
team 1 (winner)

»
Spyro (
blue | 39 APM | 1759 actions | 45:39)
6 Archmage
3 Summon Water Elemental
2 Brilliance Aura
1 Mass Teleport
6 Paladin
3 Holy Light
3 Divine Shield
» actions
| Assign group hotkey | 36 | |
| Basic commands | 181 | |
| Build / train | 102 | |
| Enter build submenu | 25 | |
| Enter hero's abilities submenu | 12 | |
| Remove unit from queue | 1 | |
| Right click | 686 | |
| Select / deselect | 383 | |
| Select group hotkey | 227 | |
| Use ability | 106 | |
1759 total
» units
| Peasant | 30 | |
| Footman | 27 | |
| Dragonhawk Rider | 4 | |
| Gryphon Rider | 7 | |
| Knight | 3 | |
71 total
» upgrades
| Masonry | 1 | |
| Swords | 3 | |
| Storm Hammers | 1 | |
| Animal War Training | 1 | |
| Cloud | 1 | |
| Plating | 1 | |
| Armor | 1 | |
9 total
» buildings
| Altar of Kings | 1 | |
| Farm | 13 | |
| Barracks | 1 | |
| Town Hall | 2 | |
| Keep | 1 | |
| Lumber Mill | 1 | |
| Blacksmith | 1 | |
| Arcane Vault | 1 | |
| Castle | 1 | |
| Gryphon Aviary | 2 | |
| Scout Tower | 3 | |
| Guard Tower | 1 | |
28 total
» build order
00:16 Altar of Kings
00:19 Farm
00:21 Barracks
00:58 Farm
01:40 Farm
02:21 Farm
04:02 Town Hall
05:30 Farm
05:47 Keep
05:52 Lumber Mill
05:54 Blacksmith
05:56 Arcane Vault
07:05 Farm
08:14 Castle
08:17 Gryphon Aviary
08:59 Gryphon Aviary
09:26 Farm
11:31 Farm
12:59 Scout Tower
13:00 Scout Tower
13:05 Scout Tower
13:50 Guard Tower
15:00 Farm
18:12 Farm
18:13 Farm
19:20 Farm
20:22 Farm
24:37 Town Hall
» items
| Scroll of Town Portal | 1 | |
| Scroll of Protection | 1 | |
2 total

»
unsure (
purple | 57 APM | 2603 actions | 45:39)
6 Dreadlord
3 Sleep
2 Vampiric Aura
1 Inferno
2 Death Knight
1 Death Coil
1 Unholy Aura
4 Crypt Lord
2 Spiked Carapace
1 Impale
1 Carrion Beetles
» actions
| Assign group hotkey | 46 | |
| Basic commands | 176 | |
| Build / train | 69 | |
| Enter build submenu | 19 | |
| Enter hero's abilities submenu | 12 | |
| Give item / drop item | 9 | |
| Remove unit from queue | 1 | |
| Right click | 1276 | |
| Select / deselect | 306 | |
| Select group hotkey | 517 | |
| Use ability | 172 | |
2603 total
» units
| Ghoul | 14 | |
| Acolyte | 2 | |
| Obsidian Statue | 2 | |
| Necromancer | 9 | |
27 total
» upgrades
| Ghoul Frenzy | 1 | |
| Unholy Armor | 2 | |
| Unholy Strength | 2 | |
| Necromancer Training | 2 | |
| Skeletal Longevity | 1 | |
| Skeletal Mastery | 1 | |
| Destroyer Form | 0 | |
9 total
» buildings
| Ziggurat | 6 | |
| Crypt | 1 | |
| Altar of Darkness | 1 | |
| Tomb of Relics | 1 | |
| Graveyard | 1 | |
| Halls of the Dead | 2 | |
| Black Citadel | 3 | |
| Temple of the Damned | 2 | |
| Slaughterhouse | 2 | |
| Spirit Tower | 2 | |
21 total
» build order
00:08 Ziggurat
00:09 Crypt
00:39 Altar of Darkness
01:31 Ziggurat
02:25 Ziggurat
02:52 Tomb of Relics
04:02 Graveyard
05:04 Halls of the Dead
05:04 Halls of the Dead
05:17 Ziggurat
07:17 Ziggurat
07:48 Black Citadel
07:48 Black Citadel
09:11 Ziggurat
10:56 Temple of the Damned
10:57 Slaughterhouse
11:37 Temple of the Damned
11:45 Slaughterhouse
20:18 Spirit Tower
» items
| Orb of Corruption | 1 | |
| Scroll of Healing | 1 | |
| Potion of Healing | 2 | |
| Scroll of Town Portal | 1 | |
| Boots of Speed | 1 | |
6 total
Greenling (
yellow | 30 APM | 1192 actions | 39:21)
5 Mountain King
3 Storm Bolt
2 Bash
3 Paladin
1 Devotion Aura
2 Holy Light
» actions
| Assign group hotkey | 16 | |
| Basic commands | 81 | |
| Build / train | 81 | |
| ESC pressed | 2 | |
| Enter build submenu | 52 | |
| Enter hero's abilities submenu | 8 | |
| Right click | 383 | |
| Select / deselect | 446 | |
| Select group hotkey | 34 | |
| Use ability | 88 | |
1192 total
» units
| Peasant | 16 | |
| Rifleman | 12 | |
| Knight | 1 | |
| Siege Engine | 6 | |
35 total
» upgrades
| Gunpowder | 3 | |
| Armor | 3 | |
| Long Rifles | 1 | |
| Animal War Training | 1 | |
| Masonry | 3 | |
| Lumber Harvesting | 2 | |
| Plating | 3 | |
| Swords | 2 | |
| Barrage | 1 | |
| Magic Sentry | 1 | |
20 total
» buildings
| Altar of Kings | 2 | |
| Farm | 15 | |
| Lumber Mill | 2 | |
| Barracks | 2 | |
| Blacksmith | 2 | |
| Scout Tower | 19 | |
| Guard Tower | 10 | |
| Arcane Vault | 1 | |
| Keep | 1 | |
| Castle | 1 | |
| Town Hall | 1 | |
| Workshop | 2 | |
| Arcane Sanctum | 2 | |
| Arcane Tower | 1 | |
61 total
» build order
00:21 Altar of Kings
00:36 Farm
01:01 Lumber Mill
01:09 Barracks
01:27 Farm
02:05 Farm
02:22 Blacksmith
02:44 Barracks
02:49 Farm
02:58 Scout Tower
03:30 Farm
03:33 Scout Tower
03:39 Guard Tower
04:01 Farm
04:06 Guard Tower
04:34 Arcane Vault
04:51 Farm
04:58 Scout Tower
05:57 Keep
06:02 Guard Tower
09:09 Castle
09:18 Farm
09:27 Farm
11:24 Town Hall
11:26 Scout Tower
11:27 Scout Tower
11:28 Scout Tower
11:29 Scout Tower
11:31 Scout Tower
12:03 Guard Tower
12:15 Guard Tower
13:35 Lumber Mill
14:52 Blacksmith
16:55 Scout Tower
16:56 Scout Tower
17:48 Guard Tower
18:20 Farm
18:21 Farm
18:30 Workshop
18:31 Workshop
19:07 Arcane Sanctum
19:09 Arcane Sanctum
20:12 Scout Tower
20:15 Scout Tower
20:17 Scout Tower
20:35 Scout Tower
20:36 Scout Tower
20:41 Scout Tower
20:42 Scout Tower
22:59 Guard Tower
23:48 Guard Tower
24:39 Farm
24:40 Farm
25:06 Guard Tower
26:59 Scout Tower
29:55 Arcane Tower
30:38 Altar of Kings
31:58 Farm
32:06 Farm
32:10 Scout Tower
33:52 Guard Tower
» items
coolstorybro (
green | 108 APM | 4918 actions | 45:39)
8 Blademaster
3 Wind Walk
3 Critical Strike
1 Bladestorm
1 Mirror Image
5 Shadow Hunter
3 Hex
2 Healing Wave
» actions
| Assign group hotkey | 147 | |
| Basic commands | 295 | |
| Build / train | 127 | |
| ESC pressed | 1 | |
| Enter build submenu | 48 | |
| Enter hero's abilities submenu | 13 | |
| Give item / drop item | 16 | |
| Remove unit from queue | 1 | |
| Right click | 1834 | |
| Select / deselect | 474 | |
| Select group hotkey | 1725 | |
| Use ability | 237 | |
4918 total
» units
| Peon | 16 | |
| Grunt | 11 | |
| Wind Rider | 10 | |
| Troll Headhunter/Berserker | 5 | |
| Troll Batrider | 5 | |
| Shaman | 4 | |
| Kodo Beast | 1 | |
52 total
» upgrades
| Berserker Strength | 1 | |
| Pillage | 1 | |
| Reinforced Defenses | 1 | |
| Envenomed Spears | 1 | |
| Armor | 3 | |
| Ranged Weapons | 3 | |
| War Drums Damage Increase | 1 | |
| Liquid Fire | 1 | |
| Berserker Upgrade | 1 | |
| Troll Regeneration | 1 | |
| Shaman Training | 2 | |
| Spiked Barricades | 3 | |
| Melee Weapons | 2 | |
21 total
» buildings
| Orc Burrow | 7 | |
| Barracks | 2 | |
| Altar of Storms | 1 | |
| Voodoo Lounge | 1 | |
| Stronghold | 2 | |
| Great Hall | 3 | |
| Fortress | 4 | |
| Beastiary | 2 | |
| War Mill | 1 | |
| Watch Tower | 21 | |
| Spirit Lodge | 1 | |
45 total
» build order
00:13 Orc Burrow
01:17 Barracks
01:20 Altar of Storms
01:23 Orc Burrow
01:40 Voodoo Lounge
02:17 Orc Burrow
03:09 Orc Burrow
05:01 Stronghold
06:15 Great Hall
08:08 Great Hall
08:15 Fortress
08:15 Fortress
08:15 Fortress
08:17 Beastiary
08:19 Beastiary
09:40 War Mill
10:14 Orc Burrow
10:56 Watch Tower
10:57 Watch Tower
10:57 Watch Tower
11:00 Watch Tower
11:20 Watch Tower
11:21 Watch Tower
11:31 Watch Tower
11:35 Watch Tower
13:43 Watch Tower
13:48 Watch Tower
14:16 Watch Tower
15:44 Watch Tower
15:48 Watch Tower
15:51 Watch Tower
17:16 Barracks
17:43 Spirit Lodge
19:27 Orc Burrow
21:32 Orc Burrow
24:57 Great Hall
25:40 Watch Tower
25:40 Watch Tower
25:41 Watch Tower
25:42 Watch Tower
27:29 Watch Tower
27:30 Watch Tower
27:33 Watch Tower
» items
| Healing Salve | 5 | |
| Lesser Clarity Potion | 7 | |
| Boots of Speed | 2 | |
| Orb of Lightning | 1 | |
| Scroll of Town Portal | 2 | |
| Staff of Teleportation | 3 | |
| Periapt of Vitality | 1 | |
| Circlet of Nobility | 1 | |
22 total
team 2 (loser)
True_Kingdom (
pink | 47 APM | 1901 actions | 40:22)
4 Mountain King
2 Storm Bolt
2 Bash
4 Paladin
1 Holy Light
3 Divine Shield
» actions
| Assign group hotkey | 21 | |
| Basic commands | 1 | |
| Build / train | 85 | |
| Enter build submenu | 25 | |
| Enter hero's abilities submenu | 8 | |
| Give item / drop item | 4 | |
| Remove unit from queue | 5 | |
| Right click | 898 | |
| Select / deselect | 429 | |
| Select group hotkey | 314 | |
| Use ability | 111 | |
1901 total
» units
| Peasant | 15 | |
| Footman | 9 | |
| Spell Breaker | 8 | |
| Knight | 4 | |
36 total
» upgrades
| Masonry | 3 | |
| Defend | 1 | |
| Lumber Harvesting | 2 | |
| Plating | 1 | |
| Swords | 2 | |
| Animal War Training | 1 | |
| Magic Sentry | 1 | |
11 total
» buildings
| Farm | 8 | |
| Barracks | 1 | |
| Altar of Kings | 2 | |
| Scout Tower | 6 | |
| Lumber Mill | 2 | |
| Arcane Tower | 1 | |
| Guard Tower | 4 | |
| Arcane Vault | 1 | |
| Keep | 1 | |
| Castle | 1 | |
| Arcane Sanctum | 1 | |
| Blacksmith | 1 | |
| Moon Well | 3 | |
32 total
» build order
00:15 Farm
00:22 Barracks
01:05 Farm
01:21 Altar of Kings
01:42 Scout Tower
01:46 Farm
02:13 Scout Tower
02:20 Lumber Mill
02:31 Farm
02:37 Arcane Tower
03:11 Scout Tower
03:26 Guard Tower
03:53 Guard Tower
03:55 Farm
04:23 Arcane Vault
04:52 Farm
05:13 Keep
05:30 Scout Tower
05:37 Scout Tower
06:07 Guard Tower
07:13 Scout Tower
07:49 Castle
08:00 Arcane Sanctum
08:25 Blacksmith
19:06 Guard Tower
24:50 Altar of Kings
25:55 Farm
26:50 Farm
28:27 Lumber Mill
34:12 Moon Well
36:33 Moon Well
37:30 Moon Well
» items
| Scroll of Regeneration | 3 | |
| Lesser Clarity Potion | 2 | |
| Scroll of Town Portal | 6 | |
| Dust of Appearance | 1 | |
| Boots of Speed | 1 | |
| Scroll of Healing | 1 | |
| Ivory Tower | 2 | |
16 total

»
ProjectPat11 (
teal | 37 APM | 835 actions | 22:51)
4 Death Knight
2 Death Coil
2 Unholy Aura
3 Lich
2 Frost Nova
1 Frost Armor
» actions
| Build / train | 60 | |
| Enter build submenu | 21 | |
| Enter hero's abilities submenu | 7 | |
| Give item / drop item | 2 | |
| Right click | 411 | |
| Select / deselect | 268 | |
| Use ability | 66 | |
835 total
» units
| Acolyte | 9 | |
| Ghoul | 4 | |
| Crypt Fiend | 8 | |
| Frost Wyrm | 4 | |
| Obsidian Statue | 2 | |
27 total
» upgrades
| Creature Carapace | 3 | |
| Web | 1 | |
| Creature Attack | 3 | |
| Freezing Breath | 1 | |
8 total
» buildings
| Ziggurat | 8 | |
| Crypt | 1 | |
| Altar of Darkness | 1 | |
| Graveyard | 1 | |
| Tomb of Relics | 2 | |
| Halls of the Dead | 1 | |
| Necropolis | 1 | |
| Black Citadel | 1 | |
| Sacrificial Pit | 1 | |
| Spirit Tower | 5 | |
| Slaughterhouse | 1 | |
| Boneyard | 2 | |
25 total
» build order
00:10 Ziggurat
00:13 Crypt
00:35 Altar of Darkness
01:06 Graveyard
01:29 Ziggurat
01:45 Tomb of Relics
01:49 Tomb of Relics
04:14 Halls of the Dead
05:06 Necropolis
05:15 Ziggurat
06:49 Ziggurat
07:22 Ziggurat
07:59 Black Citadel
08:03 Sacrificial Pit
08:09 Ziggurat
08:11 Spirit Tower
08:18 Spirit Tower
08:53 Ziggurat
08:56 Ziggurat
09:02 Spirit Tower
09:21 Slaughterhouse
10:07 Spirit Tower
10:48 Boneyard
11:03 Boneyard
11:26 Spirit Tower
» items
| Rod of Necromancy | 1 | |
| Boots of Speed | 1 | |
| Scroll of Town Portal | 2 | |
| Dust of Appearance | 2 | |
| Orb of Corruption | 1 | |
| Potion of Healing | 2 | |
9 total

»
Bluster (
orange | 117 APM | 3110 actions | 26:36)
5 Priestess of the Moon
3 Trueshot Aura
2 Searing Arrows
5 Keeper of the Grove
2 Entangling Roots
3 Thorns Aura
» actions
| Assign group hotkey | 34 | |
| Basic commands | 218 | |
| Build / train | 106 | |
| ESC pressed | 3 | |
| Enter build submenu | 37 | |
| Enter hero's abilities submenu | 14 | |
| Give item / drop item | 3 | |
| Right click | 1860 | |
| Select / deselect | 538 | |
| Select group hotkey | 227 | |
| Use ability | 70 | |
3110 total
» units
» upgrades
| Ultravision | 1 | |
| Strength of the Wild | 3 | |
| Abolish Magic | 1 | |
| Reinforced Hides | 3 | |
8 total
» buildings
| Moon Well | 8 | |
| Altar of Elders | 1 | |
| Ancient of War | 1 | |
| Hunter's Hall | 1 | |
| Ancient of Wonders | 2 | |
| Tree of Ages | 3 | |
| Tree of Eternity | 2 | |
| Ancient of Lore | 3 | |
| Tree of Life | 1 | |
| Ancient Protector | 16 | |
38 total
» build order
00:16 Moon Well
00:21 Altar of Elders
00:30 Ancient of War
01:22 Moon Well
02:14 Hunter's Hall
02:26 Ancient of Wonders
03:23 Moon Well
04:10 Tree of Ages
04:11 Tree of Ages
04:11 Tree of Ages
06:32 Tree of Eternity
06:32 Tree of Eternity
06:35 Ancient of Lore
06:36 Ancient of Lore
06:57 Tree of Life
07:17 Moon Well
09:13 Moon Well
12:24 Ancient Protector
12:59 Ancient Protector
13:00 Ancient Protector
13:13 Ancient of Lore
13:32 Ancient Protector
13:34 Ancient Protector
14:40 Ancient of Wonders
15:21 Ancient Protector
16:23 Moon Well
17:50 Moon Well
17:52 Moon Well
21:57 Ancient Protector
22:00 Ancient Protector
22:00 Ancient Protector
22:01 Ancient Protector
22:02 Ancient Protector
22:04 Ancient Protector
22:05 Ancient Protector
22:06 Ancient Protector
22:09 Ancient Protector
22:10 Ancient Protector
» items
| Staff of Preservation | 1 | |
| Orb of Venom | 2 | |
| Scroll of Town Portal | 10 | |
| Moonstone | 2 | |
15 total
2020-WHO-PRESID (
red | 72 APM | 3307 actions | 45:39)
7 Blademaster
3 Wind Walk
3 Critical Strike
1 Bladestorm
5 Shadow Hunter
2 Hex
3 Healing Wave
» actions
| Assign group hotkey | 74 | |
| Basic commands | 22 | |
| Build / train | 86 | |
| Enter build submenu | 34 | |
| Enter hero's abilities submenu | 12 | |
| Give item / drop item | 4 | |
| Remove unit from queue | 1 | |
| Right click | 1466 | |
| Select / deselect | 362 | |
| Select group hotkey | 1047 | |
| Use ability | 199 | |
3307 total
» units
| Peon | 15 | |
| Grunt | 4 | |
| Wind Rider | 6 | |
| Troll Batrider | 9 | |
| Raider | 9 | |
43 total
» upgrades
| Ranged Weapons | 2 | |
| Reinforced Defenses | 1 | |
| Envenomed Spears | 1 | |
| Armor | 2 | |
| Liquid Fire | 1 | |
| Ensnare | 1 | |
| Melee Weapons | 1 | |
| Pillage | 1 | |
10 total
» buildings
| Altar of Storms | 1 | |
| Orc Burrow | 8 | |
| Barracks | 1 | |
| Voodoo Lounge | 1 | |
| Stronghold | 1 | |
| War Mill | 1 | |
| Great Hall | 3 | |
| Watch Tower | 39 | |
| Beastiary | 3 | |
| Fortress | 2 | |
60 total
» build order
00:07 Altar of Storms
00:23 Orc Burrow
00:37 Barracks
01:27 Orc Burrow
02:03 Voodoo Lounge
03:06 Stronghold
03:40 War Mill
03:58 Orc Burrow
04:49 Great Hall
05:01 Watch Tower
05:02 Watch Tower
05:21 Watch Tower
05:41 Beastiary
06:29 Watch Tower
06:55 Fortress
07:27 Beastiary
07:37 Watch Tower
08:25 Watch Tower
08:25 Watch Tower
08:26 Watch Tower
08:44 Watch Tower
10:23 Watch Tower
10:23 Watch Tower
10:23 Watch Tower
10:24 Watch Tower
10:52 Orc Burrow
10:55 Orc Burrow
12:00 Watch Tower
12:00 Watch Tower
12:01 Watch Tower
12:01 Watch Tower
14:17 Beastiary
14:51 Watch Tower
14:51 Watch Tower
14:51 Watch Tower
15:19 Orc Burrow
17:54 Watch Tower
17:54 Watch Tower
17:55 Watch Tower
17:55 Watch Tower
21:38 Watch Tower
21:38 Watch Tower
21:39 Watch Tower
22:51 Great Hall
25:27 Watch Tower
25:28 Watch Tower
25:28 Watch Tower
25:29 Watch Tower
25:56 Orc Burrow
27:27 Watch Tower
29:11 Orc Burrow
32:51 Great Hall
32:55 Watch Tower
32:55 Watch Tower
32:56 Watch Tower
32:56 Watch Tower
» items
| Staff of Teleportation | 2 | |
| Potion of Healing | 1 | |
| Potion of Mana | 1 | |
| Healing Salve | 2 | |
| Scroll of Town Portal | 3 | |
| Potion of Lesser Invulnerability | 2 | |
| Boots of Speed | 1 | |
| Scroll of Healing | 1 | |
13 total
Chat log
(00:20 / All) 2020-WHO-PRESID: trump or hilary
(00:29 / All) True_Kingdom: uhh neither
(00:43 / All) Greenling: bernie!
(00:55 / All) Bluster: bernie the socialist yes
(01:00 / All) True_Kingdom: odds of bernie being alive or healthy arent great
(01:08 / All) Bluster: that doesnt fucking understand how economic theory works
(01:14 / All) True_Kingdom: putin for pres
(01:20 / All) 2020-WHO-PRESID: how
(01:35 / All) True_Kingdom: uhhh nature finds... a way
(03:29 / Allies) unsure: fuck
(03:33 / Allies) unsure: i forgot to build 2 more aco
(03:58 / Allies) Spyro: clear mid now plz
(05:23 / Allies) Spyro: idc if you are bad butr plz listen
(05:31 / Allies) unsure: whts up
(05:37 / Allies) Spyro: thats an easy first step to fix
(05:51 / Allies) Greenling: meet up for mid?
(06:03 / Allies) Spyro: too late they did it
(06:11 / Allies) Greenling: u sure?
(06:21 / Allies) unsure: check it
(06:28 / Allies) Greenling: still there
(06:38 / Allies) Spyro: lets go
(06:51 / Allies) unsure: commign
(07:01 / Allies) unsure: cancel it
(07:02 / Allies) unsure: fast
(07:08 / Allies) coolstorybro: fuck
(07:09 / Allies) coolstorybro: alt tabbed one sec
(07:13 / Allies) coolstorybro: and my expo gets destroyed
(07:19 / All) coolstorybro: can't alt tab for one sec or faggot kills my expo
(07:51 / Allies) Spyro: why would you ever need to alt tab the game
(07:52 / Allies) Greenling: hit mid then expos
(07:54 / Allies) Spyro: ijn the middle of it
(07:56 / Allies) coolstorybro: browsing the internet
(09:15 / All) coolstorybro: you're gonna eat my shit pink
(09:25 / Allies) unsure: i sleep his hero
(09:27 / Allies) unsure: u kill the army
(09:27 / Allies) unsure: ok>
(10:33 / All) True_Kingdom: Well gg
(12:24 / Allies) unsure: make some towers bro
(13:03 / Allies) unsure: i can use some gold
(13:05 / Allies) unsure: i got tire 3
(13:10 / Allies) coolstorybro: haven't got spare
(13:19 / Allies) Greenling: meet in middle?
(13:34 / Allies) unsure: b
(13:37 / Allies) Spyro: we could hit a main
(13:41 / Allies) Spyro: they have alot of xpo d
(13:42 / Allies) unsure: just cc
(13:45 / Allies) unsure: wait for them to hit us
(13:52 / Allies) unsure: building a nice army
(13:56 / Allies) unsure: it might take afew min
(14:08 / Allies) Spyro: gg
(14:12 / Allies) coolstorybro: not over yet
(14:55 / Allies) unsure: creep all that
(15:01 / Allies) unsure: while we wait for an army
(15:20 / Allies) Greenling: meet up for big hit?
(15:23 / Allies) Spyro: thats why we are in this mess in teh first place
(15:30 / Allies) coolstorybro: hit here if we hit
(16:02 / Allies) Greenling: bm
(16:03 / Allies) unsure: we should hitexpo
(16:51 / Allies) unsure: wait blue
(16:54 / Allies) Spyro: are tyou ever going to hit
(16:59 / Allies) coolstorybro: I have been
(17:01 / Allies) coolstorybro: what are you guys doing
(17:23 / Allies) coolstorybro: wood me if you can
(17:33 / Allies) coolstorybro: ty
(17:40 / Allies) Spyro: HIT
(17:43 / Allies) Spyro: this is retarded
(17:46 / Allies) unsure: no man
(17:46 / Allies) coolstorybro: yeah hit
(17:47 / Allies) unsure: we are winning
(17:50 / Allies) coolstorybro: hit top
(17:50 / Allies) Spyro: lol
(17:51 / Allies) unsure: they are using so much teleports
(17:54 / Allies) unsure: i need some necros
(17:56 / Allies) unsure: please wait a bit
(17:58 / Allies) Greenling: ping it blue
(18:01 / Allies) Greenling: and we go
(18:01 / Allies) coolstorybro: hit top
(18:03 / Allies) coolstorybro: pink is weak
(18:06 / Allies) coolstorybro: pink has nothing
(18:08 / Allies) Greenling: lead way
(18:09 / Allies) coolstorybro: i've been hitting him over and over
(18:21 / Allies) unsure: get mana
(18:36 / Allies) Greenling: ping it
(18:38 / Allies) Greenling: go time
(18:40 / Allies) Spyro: smh
(18:43 / Allies) Spyro: purple necros are tier 2
(18:46 / Allies) Spyro: you made your first 2 now?
(18:52 / Allies) Spyro: follow green?
(18:53 / Allies) unsure: no
(18:54 / Allies) unsure: i had 8
(18:55 / Allies) unsure: they died
(18:55 / Allies) Spyro: wow
(19:12 / Allies) Spyro: youg uys have armies that you can get 9 minute sinto the game
(19:40 / Allies) unsure: i sleep their main ehero
(19:41 / Allies) unsure: u guys kill army
(21:30 / Allies) Greenling: get teaals main
(21:48 / Allies) Greenling: tp blue?
(21:49 / Allies) unsure: TP ALL
(21:52 / Allies) unsure: YES
(21:52 / Allies) unsure: YES
(22:59 / Allies) unsure: f
(23:03 / Allies) unsure: its dead
(23:04 / Allies) unsure: let it die
(23:18 / Allies) unsure: is teals base dead?
(23:19 / Allies) Greenling: lubmer pls
(23:23 / Allies) Greenling: ya
(23:35 / Allies) Greenling: ty
(23:51 / Allies) unsure: who needs wodo
(24:05 / All) True_Kingdom: RUNNN
(24:06 / Allies) unsure: ok
(24:08 / All) True_Kingdom: ROAR
(24:12 / Allies) unsure: green
(24:12 / Allies) Greenling: where to
(24:14 / All) coolstorybro: lucky purge for me
(24:15 / Allies) unsure: can u take care of rted?
(24:16 / Allies) Greenling: ping it
(24:17 / All) coolstorybro: unlucky purge for you
(24:21 / Allies) unsure: can utake care of red green?
(24:34 / Allies) unsure: green
(24:36 / Allies) unsure: u go with blue
(24:38 / Allies) unsure: me and yellow
(24:39 / Allies) unsure: go to orange
(24:46 / Allies) coolstorybro: lets kill orange
(25:52 / Allies) unsure: tanks first yellow
(26:15 / All) 2020-WHO-PRESID: aint mh blue just skill
(26:27 / All) Spyro: skill?
(26:34 / All) Spyro: have at it bro
(26:36 / All) True_Kingdom: i know but just cuz
(26:38 / All) 2020-WHO-PRESID: i didnt stutter mucha fucka
(26:44 / All) Spyro: you let all your team die and game lost?
(26:48 / All) Spyro: doesn't sound like skill to me
(26:55 / All) 2020-WHO-PRESID: i lost nothing, friend. you will soon find out
(27:00 / All) unsure: red bro my base is dead already
(27:17 / All) 2020-WHO-PRESID: aye, i kille dit
(27:28 / Allies) unsure: yellow send the tanks in
(27:30 / Allies) Spyro: why did you kill my hero
(28:08 / Allies) unsure: blue stay with us
(28:14 / Allies) Greenling: green quit that
(28:17 / Allies) Spyro: really stay with you
(28:20 / Allies) unsure: green
(28:22 / Allies) unsure: we are nt winning
(28:22 / Allies) coolstorybro: quit what
(28:23 / Allies) Spyro: i cant, he keeps killing my hero
(28:23 / Allies) unsure: wtf
(28:25 / Allies) unsure: they can still win
(28:31 / Allies) Greenling: quit killin my guys
(28:34 / Allies) unsure: green 2 of them are in the game still
(28:42 / Allies) coolstorybro: I'm sending them to 72 virgins
(28:44 / Allies) coolstorybro: they died warriors
(28:50 / Allies) coolstorybro: I
(28:54 / Allies) coolstorybro: I'm getting your units laid
(28:57 / All) True_Kingdom: and I will call him squishy
(29:16 / All) Greenling: bad karma
(29:19 / All) Greenling: u will pay
(29:25 / All) coolstorybro: you are paying for bad karma
(29:30 / All) Greenling: no
(29:33 / All) coolstorybro: yes
(29:35 / All) Greenling: i will be fine
(29:43 / All) coolstorybro: you must have very bad karma to meet me in warcraft 3
(30:06 / All) 2020-WHO-PRESID: very good pint
(30:08 / All) 2020-WHO-PRESID: green
(30:46 / All) True_Kingdom: Whoa now
(31:01 / All) True_Kingdom: no need to be hasty little hobbits
(31:41 / All) 2020-WHO-PRESID: i cant watch lotr anymore
(31:49 / All) 2020-WHO-PRESID: seen it too many times
(32:42 / All) 2020-WHO-PRESID: will trade ring of prot + 5 for another item
(32:45 / All) True_Kingdom: what is going on
(32:55 / All) coolstorybro: what do you mean pink
(33:03 / All) True_Kingdom: why they no finsshi
(33:13 / All) True_Kingdom: FINISH it
(33:14 / All) 2020-WHO-PRESID: creeping maybe?
(34:15 / All) coolstorybro: two kelen daggers
(34:17 / All) coolstorybro: and orb of frost
(34:21 / All) coolstorybro: plus ring of prot +5
(34:22 / All) 2020-WHO-PRESID: shit items wow
(34:23 / All) coolstorybro: horrible drops
(34:40 / All) Greenling: karma
(34:47 / All) 2020-WHO-PRESID: karma aye
(35:00 / All) 2020-WHO-PRESID: pleasure doing business
(35:07 / All) 2020-WHO-PRESID: with you, lad
(35:08 / All) coolstorybro: yeah
(35:11 / All) coolstorybro: good man red
(35:15 / All) coolstorybro: honest trader
(35:17 / All) coolstorybro: I give you 5 stars
(35:19 / Allies) Spyro: green come here get agi tome
(35:24 / Allies) coolstorybro: omw
(35:27 / All) 2020-WHO-PRESID: a fair trade. 5 stars for you as well
(35:29 / Allies) coolstorybro: very thoughtful of you
(35:36 / Allies) coolstorybro: allies never do that with tomes of any kind
(36:30 / Allies) Spyro: green you better get some more bases towered if you're going to play like this
(36:35 / Allies) coolstorybro: red has 2
(36:36 / Allies) coolstorybro: I have 2
(36:38 / All) True_Kingdom: dance?
(36:41 / Allies) coolstorybro: fair game
(37:31 / Allies) Spyro: yellow whats your plan
(37:43 / All) 2020-WHO-PRESID: pink is a good lad
(37:46 / All) 2020-WHO-PRESID: he called me papa
(37:57 / Allies) coolstorybro: gonna do an epic creep jack
(38:16 / Allies) coolstorybro: see that pro creep jack
(38:54 / All) 2020-WHO-PRESID: not good pink not good
(39:06 / Allies) coolstorybro: like my creep jack blue?
(39:10 / All) 2020-WHO-PRESID: healing
(39:18 / All) True_Kingdom: NOOOOOOO
(39:32 / All) True_Kingdom: My baby
(40:02 / All) True_Kingdom: NOOOOOOOOOO
(42:41 / All) coolstorybro: everyone listen up
(42:44 / All) coolstorybro: me and red were in this together
(42:50 / All) coolstorybro: we're going to kill everything including our own units
(42:55 / All) coolstorybro: you'll have equal chances at winning
(42:58 / All) 2020-WHO-PRESID: my team left. only urs leftlawl
(43:01 / All) coolstorybro: last one to leave leaves victorious, just leave your pc on
(43:01 / All) coolstorybro: oh
(43:07 / All) coolstorybro: well shit
(43:12 / All) coolstorybro: I killed my army
(43:15 / All) 2020-WHO-PRESID: he meant to say, fuk u mutha fukas
(43:24 / All) coolstorybro: help kill my base after
(44:52 / All) 2020-WHO-PRESID: purple blue will doa nything for a win
(45:09 / All) coolstorybro: towers top right expo
(45:11 / All) coolstorybro: then my main
(45:30 / All) coolstorybro: how's it feel to be 282-269 blue